 Dungeon Crawl Stone Soup version 0.30-a0-862-g1aabd4f9c5 (webtiles) character file.

Game seed: 9142332206916040478

2639 browni3141 the Covert (level 9, -1/55 HPs)
             Began as a Kobold Artificer on Mar 9, 2023.
             Was an Initiate of Gozag.
             Killed from afar by a steam dragon (10 damage)
             ... with a ball of steam
             ... on level 7 of the Dungeon.
             The game lasted 00:13:59 (7437 turns).

browni3141 the Covert (Kobold Artificer)            Turns: 7437, Time: 00:14:00

Health: -1/55      AC: 13    Str: 10    XL:     9   Next: 92%
Magic:  9/9        EV: 18    Int: 12    God:    Gozag
Gold:   555        SH:  0    Dex: 23    Spells: 8/8 levels left

rFire   . . .      SeeInvis .    y - +2 whip (holy)
rCold   . . .      Faith    .    (no shield)
rNeg    . . .      Spirit   .    H - +1 ring mail "Kukhute" {Str+5}
rPois   .          Reflect  .    x - +2 helmet of Refuge {Str-5 Dex+4}
rElec   .          Rampage  .    J - +2 cloak
rCorr   .                        (no gloves)
Will    .....                    z - +0 pair of boots
Stlth   +++++                    (no amulet)
HPRegen 0.29/turn                p - +4 ring of slaying
MPRegen 0.11/turn                (no ring)

@: gold aura
A: small, no large weapons, nightstalker 3
a: Renounce Religion, Potion Petition, Call Merchant, Bribe Branch


You were on level 7 of the Dungeon.
You worshipped Gozag.
Gozag was pleased with you.
You visited 2 branches of the dungeon, and saw 8 of its levels.
You also visited: Sewer.

You collected 699 gold pieces.
You paid 144 gold pieces to Gozag.

Inventory:

Hand Weapons
 a - a +0 club
 q - a +0 whip
 y - a +2 whip of holy wrath (weapon)
 N - a +2 dagger of venom
Armour
 b - a +0 leather armour
 k - a +0 cloak
 w - a +0 helmet
 x - the +2 helmet of Refuge (worn) {Str-5 Dex+4}
   (You found it on level 4 of the Dungeon)

   Str:       It affects your strength (-5).
   Dex:       It affects your dexterity (+4).
 z - a +0 pair of boots (worn)
 H - the +1 ring mail "Kukhute" (worn) {Str+5}
   (You found it on level 7 of the Dungeon)

   Str:       It affects your strength (+5).
 J - a +2 cloak (worn)
 O - a +1 leather armour of fire resistance
Jewellery
 p - a +4 ring of slaying (left hand)
 C - a ring of fire
 F - a ring of resist corrosion
Wands
 c - a wand of flame (34) (quivered)
 d - a wand of charming (3)
 t - a wand of roots (1)
 L - a wand of polymorph (7)
Scrolls
 f - a scroll of acquirement
 l - 5 scrolls of teleportation
 o - a scroll of fog
 r - 2 scrolls of blinking
 s - a scroll of amnesia
 u - a scroll of noise
 v - 2 scrolls of vulnerability
 B - 2 scrolls of enchant armour {unknown}
 D - 2 scrolls of magic mapping {unknown}
 E - a scroll of silence {unknown}
 I - a scroll of enchant weapon {unknown}
Potions
 g - 2 potions of lignification
 h - a potion of flight {unknown}
 i - 3 potions of heal wounds {unknown}
 j - 5 potions of curing {unknown}
 m - 2 potions of brilliance {unknown}
 n - 7 potions of haste {unknown}
 A - 5 potions of might {unknown}
 G - a potion of cancellation {unknown}
 K - a potion of degeneration {unknown}
 M - a potion of berserk rage {unknown}


   Skills:
 + Level 5.9 Fighting
 - Level 5.0 Maces & Flails
 - Level 1.0 Armour
 * Level 7.7 Dodging
 * Level 10.0 Stealth
 - Level 6.0 Evocations


You had 8 spell levels left.
You didn't know any spells.
Your spell library contained the following spells:

 Spells                   Type           Power      Damage    Failure   Level
 Foxfire                  Conj/Fire      0%         2x1d4     63%         1
 Summon Small Mammal      Summ           0%         N/A       63%         1
 Call Canine Familiar     Summ           0%         N/A       94%         3
 Ignite Poison            Fire/Tmut/Pois 0%         N/A       94%         3
 Summon Guardian Golem    Hex/Summ       0%         N/A       94%         3
 Sticky Flame             Conj/Fire      0%         2d3       100%        4
 Fireball                 Conj/Fire      0%         3d3       100%        5
 Starburst                Conj/Fire      0%         6d3       100%        6
 Ignition                 Fire           0%         3d3       100%        8


Dungeon Overview and Level Annotations

Branches:
Dungeon (7/15)             Temple (1/1) D:4           Sewer (visited)

Altars:
Ashenzari
Dithmenos
Elyvilon
Fedhas
Gozag
Kikubaaqudgha
Makhleb
Nemelex Xobeh
Okawaru
Qazlal
Sif Muna
Trog
Uskayaw
Vehumet
Wu Jian
Xom
Yredelemnul
Zin

Shops:
D:4 *

Annotations:
D:4 exclusion: door
D:7 bakla's ghost, novice OpCA


Innate Abilities, Weirdness & Mutations

You are small and have problems with some larger weapons.
You are completely attuned to the shadows.


Message History

You are too injured to fight recklessly!
Aiming: Iceblast
Press: ? - help, Shift-Dir - straight line, f - goblin
Aim: a goblin, wielding a +0 spear The mass of ice explodes!
The iceblast engulfs the goblin!
You kill the goblin!
You hear a splash.
The now-empty wand crumbles to dust.
The steam dragon closely misses you. The steam dragon barely misses you.
Aiming: Fastroot
Press: ? - help, Shift-Dir - straight line, f - you The roots erupt in riotous growth!
The steam dragon is unaffected.
The steam dragon breathes steam at you. The ball of steam hits you!
* * * LOW HITPOINT WARNING * * *
Unknown command.
Unknown command.
The steam dragon bites you but does no damage.
The steam dragon completely misses you.
Aiming: Throw Flame
Press: ? - help, Shift-Dir - straight line, f - steam dragon
Aim: a steam dragon (water, severely wounded, catching its breath, 74% to hit)
The puff of flame misses the steam dragon.
The steam dragon bites you but does no damage.
The steam dragon barely misses you.
Aiming: Throw Flame
Press: ? - help, Shift-Dir - straight line, f/p - steam dragon
Aim: a steam dragon (steam, water, severely wounded, catching its breath, 74% to hit)
The puff of flame hits the steam dragon!
The steam dragon is almost dead.
The steam dragon misses you. The steam dragon completely misses you.
Aiming: Throw Flame
Press: ? - help, Shift-Dir - straight line, f/p - steam dragon
Aim: a steam dragon (steam, water, almost dead, 74% to hit)
The puff of flame hits the steam dragon.
The steam dragon is almost dead.
The steam dragon breathes steam at you. The ball of steam hits you!
You die...
Your body crumbles into a pile of gold.

#######. #§@..... ###
#.D~~~~~
###.###########.~#####
................$#
###.##########..§# #.#
#..~# #<# #..≈# #.#
#..~~ #.#


You could see a steam dragon (catching breath).

Vanquished Creatures
  Grinder (D:3)
  Sigmund (D:3)
  3 water moccasins
  Duvessa (D:5)
  2 sky beasts (D:7)
  A black bear (D:4)
  An ice beast (D:5)
  A phantom (D:7)
  2 bullfrogs (D:7)
  4 scorpions
  A wight (D:7)
  4 howler monkeys (D:6)
  A jelly (D:6)
  An orc priest (D:7)
  Crazy Yiuf (D:6)
  3 hounds
  3 sleepcaps
  Terence (D:2)
  4 iguanas
  2 orc wizards
  A hell rat (Sewer)
  9 adders
  5 gnolls
  2 river rats (Sewer)
  A shadow imp (D:7)
  3 white imps
  A worm (D:2)
  2 dart slugs
  5 orcs
  A ball python (D:3)
  4 endoplasms
  5 giant cockroaches
  6 goblins
  12 hobgoblins
  4 jackals
  6 kobolds
  3 quokkas
  9 bats
  4 frilled lizards
  8 rats
129 creatures vanquished.

Vanquished Creatures (collateral kills)
  An ogre (D:4)
  Dowan (D:5)
  A goblin (D:3)
  A hobgoblin (D:3)
4 creatures vanquished.

Vanquished Creatures (others)
  A water moccasin (D:4)
  A howler monkey (D:7)
  An orc wizard (D:6)
  Robin (D:3)
  2 gnolls (D:3)
  A jackal (D:1)
  A fungus (D:6)
  5 toadstools (D:1)
13 creatures vanquished.

Grand Total: 146 creatures vanquished

Notes
Turn   | Place    | Note
-------+----------+-------------------------------------------
     0 | D:1      | browni3141 the Kobold Artificer began the quest for the
                  | Orb.
     0 | D:1      | Reached XP level 1. HP: 12/12 MP: 1/1
   140 | D:1      | Reached skill level 2 in Stealth
   172 | D:1      | Reached XP level 2. HP: 10/16 MP: 2/2
   386 | D:1      | Reached skill level 3 in Stealth
   565 | D:1      | Reached XP level 3. HP: 11/21 MP: 3/3
  1102 | D:2      | Noticed Terence
  1119 | D:2      | Killed Terence
  1120 | D:2      | Reached skill level 4 in Stealth
  1120 | D:2      | Reached skill level 1 in Armour
  1120 | D:2      | Reached XP level 4. HP: 8/26 MP: 4/4
  1204 | D:2      | Reached skill level 1 in Maces & Flails
  1599 | D:2      | Reached XP level 5. HP: 13/30 MP: 5/5
  2016 | D:3      | Found a faded altar of an unknown god.
  2074 | D:3      | Noticed Robin
  2102 | D:3      | Your ally Robin died
  2423 | D:3      | Noticed Grinder
  2450 | D:3      | Noticed Sigmund
  3025 | D:3      | Found a sparkling altar of Nemelex Xobeh.
  3166 | D:4      | Noticed a black bear
  3183 | D:4      | Reached XP level 6. HP: 18/35 MP: 6/6
  3304 | D:4      | Found a staircase to the Ecumenical Temple.
  3304 | D:4      | Identified the +2 helmet of Refuge {Str-5 Dex+4}
  3447 | D:4      | Noticed a water moccasin
  3448 | D:4      | Found Edoa's Serpentskin Sales.
  3448 | D:4      | Noticed a water moccasin
  3485 | D:4      | Noticed an ogre
  3499 | D:4      | Killed an ogre
  3500 | D:4      | Reached XP level 7. HP: 26/40 MP: 7/7
  3502 | D:4      | Killed a water moccasin
  3503 | D:4      | Reached skill level 5 in Stealth
  4180 | D:3      | Killed Sigmund
  4181 | D:3      | Reached skill level 6 in Stealth
  4181 | D:3      | Reached XP level 8. HP: 45/48 MP: 8/8
  4212 | D:3      | Killed Grinder
  4213 | D:3      | Reached skill level 5 in Maces & Flails
  4302 | D:5      | Entered Level 5 of the Dungeon
  4330 | D:5      | Found a radiant altar of Vehumet.
  4345 | D:5      | Reached skill level 7 in Stealth
  4490 | D:5      | Noticed Duvessa
  4492 | D:5      | Noticed Dowan
  4516 | D:5      | Killed Dowan
  4548 | D:5      | Killed Duvessa
  4549 | D:5      | Reached skill level 5 in Fighting
  4549 | D:5      | Reached skill level 5 in Dodging
  4549 | D:5      | Reached skill level 8 in Stealth
  4613 | D:5      | Identified the +1 sling "Mingith" {drain, rElec Will+++
                  | Int-5 Dex-3}
  4679 | D:5      | Found a glowing drain.
  4690 | Sewer    | Entered a sewer
  5012 | D:5      | Reached XP level 9. HP: 54/54 MP: 9/9
  5080 | D:5      | Found a blossoming altar of Fedhas.
  5308 | Temple   | Entered the Ecumenical Temple
  5472 | Temple   | Became a worshipper of Gozag Ym Sagoz the Greedy
  6202 | D:6      | Found a runed translucent door.
  6205 | D:6      | Noticed Crazy Yiuf
  6257 | D:6      | Found a hide-covered altar of Uskayaw.
  6271 | D:6      | Reached skill level 5 in Evocations
  6869 | D:6      | Killed Crazy Yiuf
  6870 | D:6      | Reached skill level 9 in Stealth
  6965 | D:7      | Identified a scroll of acquirement
  6997 | D:7      | Found a large runed translucent door.
  6998 | D:7      | Found a large runed translucent door.
  7013 | D:7      | Noticed bakla's ghost (novice OpCA)
  7014 | D:7      | Identified the +1 ring mail "Kukhute" {Str+5}
  7222 | D:7      | Reached skill level 10 in Stealth
  7437 | D:7      | Killed from afar by a steam dragon

Illustrated notes

Levels and vault maps discovered:
D:1:      dpeg_arrival_rooms_with_view, layout_rooms, minmay_gold_behind_fungi,
          minmay_tromino_i2
D:2:      layout_basic, uniq_terence
D:3:      layout_loops_corners, overflow_temple_1_default,
          dreamdust_ecumenical_altar_statues, uniq_grinder, uniq_sigmund,
          uniq_robin
D:4:      layout_rooms, minmay_temple_entry_from_below_a, kennysheep_diamond,
          guppyfry_shop_venom
D:5:      layout_cave_pools, mainiacjoe_overflow_alcove_2,
          nicolae_vehumet_radiance, portal_sewer_entry_f, uniq_duvessa
D:6:      layout_basic, nicolae_uskayaw_dance_hall, kennysheep_generic_room_13,
          uniq_crazy_yiuf_cottage
D:7:      layout_loops_ring, ebering_ghost_disaster_area, enter_bailey_3,
          minmay_circle_x
Temple:   nicolae_temple_superstar

Skill      XL: |  1  2  3  4  5  6  7  8  9 |
---------------+----------------------------+-----
Stealth        | 2 3 4 6 8 10 | 10.0
Fighting       | 2 4 5 |  5.9
Armour         | 1 |  1.0
Maces & Flails | 2 3 4 5 |  5.0
Dodging        | 3 4 6 7 |  7.7
Evocations     | 4 6 |  6.0

Action                     |  1- 3 |  4- 6 |  7- 9 || total
---------------------------+-------+-------+-------++-------
  Melee: Club              |   112 |       |       ||   112
         Punch             |     1 |     5 |     7 ||    13
         Whip              |    15 |   114 |   363 ||   492
  Evoke: Wand              |     8 |    14 |    22 ||    44
    Use: Scroll            |       |     7 |     2 ||     9
   Stab: Sleeping          |    11 |    12 |    17 ||    40
         Distracted        |       |       |     1 ||     1
 Armour: Leather armour    |    34 |    18 |    46 ||    98
         Ring mail         |       |       |    56 ||    56
  Dodge: Dodged            |   123 |    87 |   277 ||   487

Table legend: (Time is in decaauts)
 A = Elapsed time spent in this place.
 B = Non-inter-level travel time spent in this place.
 C = Inter-level travel time spent in this place.
 D = Time resting spent in this place.
 E = Time spent auto-exploring this place.
 F = Levels seen in this place.
 G = Mean time per level.
                   A        B        C        D        E       F      G
               +--------+--------+--------+--------+--------+-----+--------+
         Total |   7437 |   7089 |    348 |    528 |   4755 |   9 |  826.3 |
       Dungeon |   7116 |   6774 |    342 |    528 |   4516 |   7 | 1016.6 |
        Temple |    171 |    165 |      6 |      0 |    140 |   1 |  171.0 |
         Sewer |    148 |    148 |      0 |      0 |     99 |   1 |  148.0 |
               +--------+--------+--------+--------+--------+-----+--------+

Top non-repeatable levels by time:
     D:6: 1410 daAuts
     D:3: 1365 daAuts
     D:4: 1015 daAuts
     D:1: 1003 daAuts
     D:2: 957 daAuts
     D:5: 858 daAuts
     D:7: 505 daAuts
  Temple: 171 daAuts
   Sewer: 148 daAuts
